Map: Heavy Artillery LE

Players

OneBlueRhino - Winner!

  • Race: Terran Terran
  • Spawn Location: 3:00

OnePurpleBee - Winner!

  • Race: Zerg Zerg
  • League: Diamond
  • Spawn Location: 1:00

Massa

  • Race: Terran Terran
  • League: Platinum
  • Spawn Location: 7:00

qqq

  • Race: Zerg Zerg
  • League: Platinum
  • Spawn Location: 7:00

VOD

Have the link to the VOD?

Description

Time

  • Played on: Dec. 4, 2020, 4:12 p.m.
  • Length: 21:55
Show
View Real Time Build Order
Export as new Build Order

OneBlueRhino Terran - Winner!

Build Orders: Reaper Expand 

Get SALT Encoding   

  12  0:00  SCV  
  13  0:12  SCV  
  14  0:17  Supply Depot  
  14  0:24  SCV  
  15  0:39  SCV  
  15  0:40  Barracks  
  16  0:46  Refinery  
  16  0:51  SCV  
  17  1:03  SCV  
  18  1:15  SCV  
  19  1:27  Orbital Command  
  19  1:29  Reaper  
  20  1:41  Command Center  
  20  1:50  Supply Depot  
  20  1:53  SCV  
  21  2:01  Marine  
  22  2:12  SCV  
  23  2:19  Marine  
  23  2:20  Barracks  
  24  2:22  Barracks  
  24  2:24  SCV  
  25  2:36  SCV  
  25  2:37  Marine  
  27  2:47  Factory  
  27  2:49  SCV  
  28  2:54  Marine  
  29  3:01  SCV  
  30  3:08  Orbital Command  
  30  3:12  Marine  
  30  3:13  SCV  
  30  3:16  Barracks Reactor, Barracks Tech Lab  
  32  3:23  Refinery  
  32  3:25  SCV, Supply Depot  
  33  3:30  Factory Tech Lab, Marine  
  34  3:34  Starport  
  34  3:36  SCV  
  35  3:42  Refinery  
  35  3:48  Marine  
  36  3:57  Stimpack  
  36  3:59  SCV x2  
  38  4:09  Refinery  
  38  4:10  Barracks Reactor  
  38  4:11  SCV, Marauder  
  38  4:12  SCV  
  42  4:18  Starport Reactor  
  42  4:22  Marine x2  
  42  4:23  SCV  
  42  4:24  SCV  
  46  4:33  Marauder  
  46  4:34  Barracks  
  46  4:36  SCV x2  
  46  4:37  Barracks  
  50  4:39  Marine  
  50  4:40  Marine  
  52  4:46  Supply Depot  
  52  4:49  Marine x2  
  54  5:02  Engineering Bay  
  54  5:03  Engineering Bay  
  54  5:07  SCV x2  
  54  5:08  Marauder  
  54  5:09  Viking, Supply Depot  
  60  5:17  Viking  
  62  5:25  Barracks Tech Lab  
  62  5:26  Barracks Reactor  
  62  5:30  SCV x2  
  62  5:35  Missile Turret  
  64  5:37  Missile Turret  
  64  5:42  Missile Turret  
  64  5:47  Terran Infantry Armor Level 1, Terran Infantry Weapons Level 1, Missile Turret  
  64  5:59  Missile Turret  
  64  6:00  SCV x2  
  64  6:01  Missile Turret  
  66  6:07  Armory  
  66  6:12  SCV  
  66  6:13  SCV, Combat Shield  
  66  6:15  Medivac  
  70  6:24  Missile Turret  
  70  6:45  Command Center  
  70  6:52  Supply Depot  
  70  6:55  Supply Depot  
  70  6:58  Terran Vehicle Weapons Level 1  
  70  7:13  Marine x2, Viking, Medivac  
  70  7:14  SCV x2  
  78  7:16  Supply Depot  
  78  7:17  Marine x2  
  80  7:23  Factory  
  80  7:26  SCV x2  
  76  7:38  SCV x2  
  76  7:42  Marauder x2, Marine  
  76  7:43  Marine, Medivac  
  81  7:50  SCV x2  
  82  7:54  Missile Turret  
  82  7:55  Missile Turret  
  82  8:02  SCV  
  83  8:11  SCV  
  84  8:14  SCV  
  84  8:15  Planetary Fortress  
  84  8:19  Refinery  
  83  8:21  Factory Tech Lab  
  83  8:23  SCV, Thor  
  83  8:26  SCV  
  91  8:27  Terran Infantry Weapons Level 2  
  88  8:34  Marauder x2  
  92  8:47  Thor  
  94  8:51  SCV x2  
  92  8:59  Refinery  
  91  9:03  SCV  
  91  9:04  SCV  
  91  9:07  Factory  
  91  9:08  Factory  
  93  9:12  SCV  
  93  9:15  SCV  
  93  9:16  SCV  
  96  9:20  Medivac, Viking  
  100  9:24  SCV  
  100  9:28  SCV x2  
  103  9:35  Marine  
  103  9:36  Marine x5  
  109  9:45  Supply Depot x2  
  109  9:49  Supply Depot  
  109  9:51  Supply Depot  
  109  10:05  Missile Turret  
  109  10:06  SCV x3, Marine x2  
  114  10:18  SCV x3  
  115  10:22  Marine  
  115  10:23  Marine x5  
  115  10:24  Marine x2  
  115  10:26  Factory Tech Lab  
  115  10:27  Factory Tech Lab  
  123  10:30  SCV x2  
  122  10:40  Marine  
  122  10:42  Marauder  
  112  10:43  SCV  
  112  10:52  Terran Infantry Armor Level 2, Terran Infantry Weapons Level 3  
  112  10:54  Terran Vehicle And Ship Armor Level 1  
  112  10:55  SCV  
  111  10:59  Marauder  
  111  11:00  Marine  
  111  11:04  Marauder  
  116  11:09  Thor  
  122  11:11  SCV  
  123  11:21  Marauder  
  123  11:23  SCV  
  125  11:30  Command Center  
  115  11:40  Thor x2  
  127  11:50  Thor  
  127  11:53  Viking  
  135  11:59  Viking  
  136  12:22  Supply Depot  
  136  12:23  Medivac  
  136  12:24  Supply Depot  
  136  12:25  Armory, Thor  
  136  12:29  Medivac  
  141  12:42  Thor  
  147  12:46  Refinery  
  147  12:48  Terran Vehicle Weapons Level 2  
  147  12:51  Missile Turret  
  147  12:52  Missile Turret x3  
  147  12:58  Viking  
  149  13:11  Thor  
  155  13:16  Planetary Fortress  
  155  13:21  Refinery  
  155  13:22  SCV x2  
  157  13:33  Terran Infantry Armor Level 3  
  157  13:34  SCV x2, Neosteel Armor  
  159  13:43  Thor  
  165  14:07  Liberator  
  165  14:08  Liberator  
  143  14:19  Marauder x2  
  143  14:20  Marine x6  
  125  14:37  Marine  
  125  14:38  Marine x3  
  126  14:41  Marauder x2  
  133  14:50  Viking  
  133  14:51  Viking  
  131  14:57  Marine  
  131  14:58  Marine x5  
  137  15:02  Marauder x2  
  137  15:03  Terran Vehicle And Ship Armor Level 2  
  141  15:15  Marine  
  141  15:16  SCV, Marine x5  
  148  15:23  Marine  
  148  15:28  SCV  
  150  15:30  Starport x2  
  150  15:31  Starport  
  150  15:35  Command Center  
  137  15:41  Viking x2  
  91  16:11  Medivac x2  
  78  16:20  Starport Tech Lab x3  
  76  16:27  SCV x2  
  78  16:34  Missile Turret  
  78  16:36  Refinery  
  78  16:39  SCV x2  
  80  16:40  Refinery  
  80  16:41  Fusion Core  
  80  16:44  Thor  
  80  16:45  Thor  
  92  16:50  Thor  
  92  16:51  SCV  
  98  16:58  Medivac x2  
  101  17:23  SCV x2  
  101  17:28  Weapon Refit  
  103  17:30  Battlecruiser  
  109  17:40  Battlecruiser  
  115  17:48  Planetary Fortress  
  115  17:53  Battlecruiser  
  121  18:01  Command Center  
  121  18:03  Command Center  
  121  18:06  Command Center  
  121  18:16  Terran Vehicle Weapons Level 3, Terran Ship Weapons Level 1  
  121  18:18  Hi-Sec Auto Tracking  
  121  18:22  Marine x2  
  121  18:23  Marine x6  
  128  18:33  Thor x3  
  146  18:35  Battlecruiser  
  146  18:36  Refinery  
  146  18:40  Refinery, Marine x5  
  161  18:41  Marauder x2, Marine  
  161  18:44  Battlecruiser  
  168  18:57  Thor, Battlecruiser  
  168  18:58  Marine x5  
  168  18:59  Marine  
  168  19:02  Marine  
  187  19:17  Marine  
  187  19:19  Thor x2  
  187  19:24  Viking  
  184  19:36  Marauder, Marine  
  184  19:37  Marauder, Marine x5  
  174  19:54  Marine  
  174  19:55  Marine x4  
  171  20:24  Marauder x2, Marine x6  
  171  20:27  Battlecruiser x2  
  193  20:36  Battlecruiser  
  193  20:42  Marine  
  192  20:45  Marauder x2  
  190  20:57  Planetary Fortress  
  190  20:59  Missile Turret  
  182  21:24  Medivac x2  
Show
View Real Time Build Order
Export as new Build Order

OnePurpleBee Zerg - Winner!

Build Orders: Hatch First 

Get SALT Encoding   

  12  0:01  Drone  
  13  0:08  Drone  
  14  0:16  Overlord  
  14  0:34  Drone x3  
  17  0:45  Drone  
  18  0:57  Hatchery  
  18  1:00  Extractor  
  18  1:01  Drone  
  17  1:15  Spawning Pool  
  16  1:18  Drone  
  16  1:22  Drone  
  18  1:28  Drone  
  19  1:39  Overlord  
  19  1:50  Drone  
  20  2:01  Drone  
  21  2:02  Queen  
  21  2:03  Metabolic Boost  
  23  2:09  Queen  
  23  2:11  Drone  
  26  2:18  Zergling x2  
  26  2:22  Zergling x4  
  29  2:31  Drone  
  29  2:33  Drone  
  31  2:42  Overlord  
  31  2:51  Drone  
  31  2:53  Drone  
  33  3:03  Zergling x4  
  33  3:04  Hatchery  
  34  3:06  Zergling x2  
  34  3:12  Zergling x2, Overlord  
  36  3:25  Overlord x2  
  36  3:31  Zergling x6  
  36  3:32  Zergling x4  
  41  3:41  Drone x3  
  41  3:42  Extractor  
  41  3:45  Drone x2  
  45  3:51  Drone x2  
  45  3:52  Drone x2  
  48  4:08  Drone x3  
  51  4:14  Lair  
  51  4:16  Drone x3  
  51  4:17  Drone x2  
  55  4:19  Queen  
  58  4:30  Drone  
  58  4:31  Drone x3  
  62  4:37  Extractor  
  61  4:39  Extractor  
  61  4:45  Drone x5  
  62  4:46  Drone  
  62  4:48  Overlord x2  
  62  4:49  Overlord  
  61  5:00  Spore Crawler  
  61  5:01  Spore Crawler  
  61  5:04  Spore Crawler  
  54  5:11  Spore Crawler  
  51  5:14  Spore Crawler x2  
  51  5:16  Queen, Hydralisk Den  
  51  5:17  Drone x6  
  56  5:24  Spore Crawler  
  56  5:27  Drone  
  56  5:28  Drone x3, Spore Crawler  
  57  5:33  Spore Crawler  
  57  5:40  Extractor  
  56  5:43  Drone x4  
  56  5:45  Extractor  
  55  6:00  Hydralisk x6  
  65  6:05  Drone x3  
  65  6:06  Drone  
  69  6:11  Grooved Spines  
  69  6:29  Hydralisk x2  
  69  6:31  Overlord x4  
  73  6:49  Zergling x6  
  73  6:51  Hydralisk x4, Evolution Chamber  
  83  6:55  Drone x2  
  86  7:08  Zergling x6  
  86  7:09  Zergling x12  
  86  7:10  Zergling x2  
  86  7:14  Drone  
  96  7:17  Drone x2  
  96  7:18  Overlord  
  96  7:20  Overlord  
  98  7:23  Muscular Augments  
  97  7:41  Zergling x8  
  97  7:42  Zergling x4  
  103  7:53  Roach Warren  
  103  7:54  Drone x3  
  103  7:55  Drone x2  
  103  7:57  Drone  
  108  7:59  Zerg Missile Weapons Level 1  
  108  8:04  Evolution Chamber  
  107  8:08  Hydralisk  
  107  8:09  Hydralisk x2  
  107  8:11  Overlord x3  
  107  8:12  Overlord  
  113  8:18  Drone  
  114  8:25  Overlord  
  114  8:26  Overlord x2  
  114  8:40  Spore Crawler  
  113  8:48  Glial Reconstitution  
  113  8:50  Spore Crawler  
  104  9:04  Roach  
  104  9:05  Roach x13  
  118  9:20  Roach x4  
  126  9:29  Hydralisk  
  126  9:30  Hydralisk x2  
  122  9:42  Roach x3  
  122  9:43  Zergling x2  
  111  9:57  Hydralisk x3  
  111  9:58  Hydralisk x4  
  123  10:01  Pneumatized Carapace  
  123  10:05  Overseer x2  
  123  10:06  Overseer  
  117  10:10  Hydralisk x3  
  114  10:30  Roach  
  114  10:31  Roach x9  
  129  13:35  Ravager x2  
  129  13:36  Ravager x4  
  129  13:39  Zerg Missile Weapons Level 2  
  129  13:40  Zerg Ground Armor Level 1  
  117  14:10  Roach  
  117  14:11  Roach x14  
  87  15:05  Spire  
  78  15:09  Hatchery  
  53  15:44  Hydralisk  
  53  15:45  Hydralisk x7  
  53  15:46  Hydralisk  
  71  15:50  Drone x6  
  71  15:51  Drone x5  
  82  16:10  Zerg Ground Armor Level 2  
  82  16:22  Mutalisk x8  
  98  16:25  Zerg Flyer Weapons Level 1  
  98  16:38  Mutalisk x8  
  98  16:39  Mutalisk x2  
  118  16:44  Mutalisk x2  
  122  16:51  Extractor  
  122  16:53  Extractor, Mutalisk x2  
  124  16:58  Mutalisk x7  
  138  17:09  Infestation Pit  
  138  17:12  Mutalisk x3  
  138  17:13  Mutalisk x4  
  151  17:25  Queen  
  148  17:32  Roach  
  148  17:33  Roach  
  148  17:34  Overlord x5  
  148  17:35  Overlord x4  
  152  17:52  Hatchery  
  151  17:58  Roach  
  151  17:59  Roach x11  
  175  18:19  Zerg Flyer Armor Level 1  
  159  18:28  Mutalisk x8  
  159  18:29  Mutalisk  
  173  18:35  Ravager x6  
  173  18:36  Mutalisk, Ravager x2  
  173  18:37  Mutalisk x2  
  187  19:02  Roach x6  
  146  19:03  Roach x4  
  113  19:10  Mutalisk  
  113  19:11  Mutalisk x2  
  113  19:16  Hydralisk x2  
  113  19:17  Hydralisk x3  
  114  19:30  Roach  
  114  19:31  Roach x4  
  106  19:40  Mutalisk x4  
  111  19:48  Extractor  
  111  19:49  Extractor  
  109  19:54  Mutalisk x2  
  109  19:56  Zergling x8  
  117  20:18  Roach  
  117  20:19  Roach x10  
  137  20:30  Overseer x3  
  137  20:32  Drone x3  
  140  20:36  Ravager  
  140  20:38  Ravager  
  142  20:43  Zergling x6  
  142  20:44  Zergling x2  
  146  20:51  Hydralisk  
  145  21:08  Hydralisk x2  
  145  21:09  Hydralisk x3  
  151  21:19  Mutalisk  
Show
View Real Time Build Order
Export as new Build Order

Massa Terran 

Build Orders: 2 Factory, Reaper Expand 

Get SALT Encoding   

  12  0:00  SCV  
  13  0:12  SCV  
  14  0:19  Supply Depot  
  14  0:24  SCV  
  15  0:40  SCV  
  15  0:42  Barracks  
  16  0:48  Refinery  
  16  0:53  SCV  
  17  1:05  SCV  
  18  1:17  SCV  
  19  1:32  Orbital Command  
  19  1:33  Reaper  
  20  1:40  Command Center  
  20  1:56  Refinery  
  20  2:00  SCV  
  21  2:04  Supply Depot  
  21  2:05  Marine  
  22  2:19  SCV  
  23  2:31  SCV  
  23  2:32  Barracks Tech Lab  
  23  2:35  Factory  
  24  2:43  SCV  
  25  2:57  Orbital Command  
  25  2:58  SCV  
  26  3:11  SCV  
  27  3:14  Factory  
  27  3:15  Barracks Reactor  
  27  3:37  Hellion  
  27  3:38  Infernal Pre-Igniter  
  29  3:41  Supply Depot  
  29  3:44  SCV  
  29  3:45  SCV  
  29  3:57  SCV x2  
  29  3:59  Hellion  
  33  4:03  Barracks Tech Lab  
  30  4:13  Hellion x2  
  34  4:17  SCV x2  
  34  4:20  Hellion  
  36  4:29  SCV  
  29  4:44  Hellion x3  
  31  4:50  SCV  
  28  4:55  Command Center  
  28  4:56  Marine  
  29  5:03  SCV  
  29  5:04  SCV  
  29  5:05  Hellion x3  
  37  5:14  Marine  
  37  5:15  SCV  
  37  5:16  SCV  
  40  5:26  Hellion  
  40  5:27  SCV  
  43  5:29  SCV  
  44  5:36  Hellion  
  44  5:42  Supply Depot  
  46  5:45  Engineering Bay  
  46  5:48  Supply Depot  
  46  5:52  Stimpack  
  46  6:04  SCV, Hellion x3  
  53  6:08  Armory  
  53  6:10  SCV  
  53  6:11  SCV  
  55  6:16  SCV  
  62  6:25  Widow Mine x3  
  62  6:42  Missile Turret  
  62  6:43  SCV x3  
  69  6:47  Widow Mine x2  
  69  6:49  Barracks  
  69  6:55  SCV x3, Barracks  
  72  7:07  SCV x2  
  74  7:09  Siege Tank  
  77  7:18  Supply Depot  
  77  7:20  Supply Depot  
  77  7:40  Widow Mine x2  
  77  7:41  Siege Tank  
  70  8:01  Marauder  
  70  8:02  Barracks Reactor, Barracks Tech Lab  
  72  8:22  Marine  
  73  8:39  Marauder, Marine x2  
  73  8:40  Marine  
  78  8:42  Concussive Shells, Combat Shield  
  72  8:57  Marine x2  
  72  8:58  Marauder  
  72  9:01  Marauder  
  73  9:14  Widow Mine x2  
  73  9:17  Marine x2  
  68  9:20  Marauder  
  68  9:22  Marauder  
  71  9:34  Barracks, Marine  
  71  9:35  Barracks, Marine  
  71  9:37  Barracks  
  72  9:41  Marauder  
  72  9:44  Marauder  
  70  9:52  Marine x2  
  68  10:04  Marauder  
  68  10:05  Marauder  
  72  10:10  Marine x2  
  74  10:20  Factory  
  63  10:25  Marauder  
  63  10:33  Marine  
  62  10:40  Widow Mine  
  62  10:42  Widow Mine  
  60  10:57  Barracks Reactor, Barracks Tech Lab x2  
  60  11:09  Factory, Command Center  
  60  11:18  Supply Depot  
  60  11:20  Supply Depot  
  60  11:23  Supply Depot  
  60  11:39  Command Center  
  60  11:40  Terran Infantry Weapons Level 1  
  60  11:42  Marauder, Marine  
  60  11:43  Supply Depot  
  60  11:44  Engineering Bay, Supply Depot  
  60  11:45  Widow Mine, Marauder x2, Marine  
  60  11:46  Factory Tech Lab  
  68  11:48  Supply Depot  
  68  11:55  Widow Mine  
  68  11:59  Marine  
  71  12:05  Marauder, Marine, Siege Tank  
  71  12:07  Widow Mine, Marauder x2  
  83  12:09  Supply Depot  
  83  12:11  Terran Infantry Armor Level 1  
  83  12:13  SCV  
  84  12:21  Missile Turret  
  84  12:25  SCV  
  84  12:28  Marauder  
  87  12:35  Orbital Command  
  87  12:46  Siege Tank x2  
  87  12:48  Widow Mine  
  87  12:49  Widow Mine  
  97  12:54  SCV  
  98  13:06  SCV  
  98  13:10  Missile Turret  
  99  13:18  SCV, Siege Tank  
  103  13:24  Planetary Fortress  
  103  13:29  Marauder x3, Missile Turret  
  103  13:30  SCV, Marine  
  111  13:36  Siege Tank  
  111  13:39  Command Center  
  111  13:40  Marine, Missile Turret  
  113  13:50  Marauder x2  
  113  13:51  Marauder  
  93  14:23  Marauder x3  
  75  14:24  Marine  
  75  14:25  Siege Tank x2  
  75  14:26  Widow Mine  
  73  14:36  SCV x3  
  73  14:44  Marauder  
  73  14:45  Marauder x2  
  79  14:47  Terran Infantry Armor Level 2  
  79  14:48  SCV x2  
  79  14:49  Starport, SCV  
  79  15:06  Marauder x3  
  79  15:17  Marine x4  
  77  15:27  Marauder x2, Marine  
  82  15:32  SCV  
  82  15:33  SCV x2  
  82  15:34  Marine  
  84  15:38  Refinery  
  84  15:40  Marine  
  84  15:41  Refinery, Marine x2  
  87  15:44  SCV  
  87  15:45  SCV x2, Marauder  
  87  15:49  Marauder x2  
  90  15:55  Marine  
  90  15:56  SCV  
  86  15:57  SCV x2  
  86  15:58  Marine x2  
  86  15:59  Marine  
  85  16:07  Marauder  
  85  16:08  Widow Mine  
  85  16:09  Widow Mine, SCV x2  
  85  16:10  Marauder  
  91  16:19  Refinery  
  91  16:20  Refinery, Drilling Claws  
  88  17:04  Planetary Fortress  
  88  17:06  SCV x3  
  91  17:09  Refinery  
  91  17:14  Refinery  
  91  17:18  SCV x3  
  94  17:30  SCV x3  
  94  17:36  Thor  
  103  17:41  Marine x6  
  103  17:42  SCV x2, Marine  
  103  17:43  SCV  
  113  17:52  Missile Turret  
  113  17:55  Missile Turret  
  113  17:59  Marine x7  
  113  18:01  Command Center  
  118  18:14  Widow Mine x2  
  118  18:16  Marine  
  118  18:17  Marine x6  
  118  18:19  Thor  
  123  18:31  Missile Turret  
  123  18:34  Marine, Missile Turret  
  123  18:35  Widow Mine, Marauder x2, Marine x3  
  123  18:36  Widow Mine, Marauder  
  123  18:40  Missile Turret  
  137  18:46  Medivac  
  139  18:57  Widow Mine, Marauder  
  139  19:02  Thor  
  114  19:16  Medivac  
  116  19:29  Marine  
  116  19:30  Marauder x3  
  106  19:45  Thor  
  108  19:46  Widow Mine x2  
  108  19:47  Marine x4  
  108  19:51  Marauder x3  
  110  20:04  Medivac  
  110  20:05  Marine  
  103  20:07  Widow Mine x2  
  103  20:12  Marauder  
  103  20:13  Marauder x2  
  93  20:28  Thor  
  99  20:32  Sensor Tower  
  99  20:34  Marauder, Medivac  
  103  20:58  Command Center  
  103  20:59  SCV  
  103  21:00  SCV x2  
  102  21:09  Marine x2  
  102  21:10  Marine  
  102  21:11  SCV, Siege Tank  
  108  21:12  SCV x2  
Show
View Real Time Build Order
Export as new Build Order

qqq Zerg 

Build Orders: Pool First, Brood Lord Corruptor, Muta Ling Bane 

Get SALT Encoding   

  12  0:00  Drone  
  13  0:09  Drone  
  14  0:29  Spawning Pool  
  14  0:34  Extractor  
  12  0:38  Overlord  
  12  0:43  Drone  
  12  0:48  Drone  
  14  1:17  Hatchery  
  13  1:22  Drone  
  14  1:26  Drone  
  15  1:35  Drone  
  15  1:39  Drone  
  17  1:53  Lair  
  17  1:57  Drone  
  18  2:14  Drone  
  20  2:15  Drone  
  20  2:18  Extractor  
  19  2:29  Overlord  
  19  2:33  Drone, Queen  
  22  2:49  Overlord  
  22  2:51  Drone x2  
  23  2:53  Drone x2  
  26  3:08  Spire  
  25  3:22  Drone x2  
  25  3:23  Drone  
  25  3:24  Drone x2  
  30  3:30  Extractor  
  29  3:39  Hatchery  
  28  3:42  Queen  
  28  3:44  Drone  
  28  3:47  Drone  
  32  3:56  Spine Crawler  
  32  3:58  Spine Crawler  
  27  4:04  Drone  
  27  4:05  Spine Crawler  
  24  4:19  Mutalisk x2  
  28  4:26  Drone x2  
  28  4:30  Mutalisk  
  33  4:38  Drone x2  
  33  4:56  Mutalisk  
  33  5:01  Drone  
  34  5:11  Drone  
  34  5:13  Mutalisk  
  35  5:18  Drone  
  35  5:20  Queen  
  40  5:32  Hatchery  
  39  5:54  Mutalisk x2  
  43  6:08  Metabolic Boost  
  43  6:11  Drone  
  43  6:13  Overlord x2  
  43  6:14  Overlord, Baneling Nest  
  43  6:33  Mutalisk  
  43  6:35  Drone  
  43  6:36  Drone x2  
  46  6:44  Drone  
  47  6:48  Zerg Flyer Weapons Level 1  
  47  6:51  Queen  
  49  6:54  Extractor  
  49  6:55  Overlord  
  49  6:56  Extractor  
  49  6:57  Drone  
  49  6:59  Zergling x2  
  49  7:07  Drone x3  
  52  7:08  Drone  
  53  7:18  Mutalisk  
  53  7:20  Drone x2  
  53  7:21  Drone  
  58  7:36  Mutalisk  
  58  7:38  Zergling x6  
  58  7:39  Drone x4  
  67  7:45  Corruptor  
  69  7:53  Baneling x2  
  69  8:07  Drone x4  
  69  8:08  Drone, Extractor  
  69  8:09  Extractor  
  72  8:13  Centrifical Hooks, Evolution Chamber x2  
  72  8:15  Zergling x2  
  72  8:16  Drone, Zergling x2  
  69  8:45  Baneling x4  
  69  8:46  Baneling x3  
  69  8:47  Overlord x5  
  69  8:51  Zerg Ground Armor Level 1  
  69  8:59  Zerg Flyer Armor Level 1  
  69  9:06  Baneling x3  
  66  9:23  Zergling x8  
  68  9:25  Drone x8  
  68  9:26  Drone x3  
  79  9:32  Spine Crawler  
  75  9:39  Zergling x2  
  74  9:49  Baneling  
  74  9:50  Baneling x7  
  74  9:54  Mutalisk x2  
  74  9:56  Drone x4  
  82  10:13  Drone x5  
  87  10:17  Infestation Pit  
  79  10:32  Spine Crawler  
  79  10:33  Drone x3, Mutalisk x2  
  79  10:34  Mutalisk  
  87  10:37  Zergling x2  
  88  10:52  Spine Crawler  
  88  10:53  Spine Crawler  
  86  10:58  Zergling x8  
  86  10:59  Zergling x4  
  86  11:03  Hive  
  92  11:16  Zergling x4  
  92  11:17  Zergling x14  
  92  11:18  Zergling x2  
  102  11:19  Baneling x6  
  102  11:20  Baneling x8, Zerg Ground Armor Level 2  
  102  11:22  Zerg Melee Weapons Level 1  
  102  11:29  Mutalisk  
  102  11:30  Mutalisk  
  106  11:37  Overlord x2  
  106  11:49  Hatchery, Baneling x4  
  106  11:50  Baneling x3  
  106  11:52  Overlord x3  
  105  11:57  Drone  
  105  11:58  Drone  
  107  12:16  Greater Spire  
  107  12:17  Corruptor x3  
  107  12:18  Corruptor  
  115  12:29  Hatchery  
  113  12:35  Overlord, Corruptor x2  
  113  12:36  Overlord  
  117  12:37  Corruptor  
  117  12:38  Corruptor  
  121  12:49  Overseer  
  121  12:51  Pneumatized Carapace  
  119  13:08  Corruptor  
  119  13:09  Corruptor  
  123  13:13  Corruptor x3  
  123  13:15  Drone x2  
  123  13:16  Queen  
  123  13:18  Drone  
  123  13:19  Drone x2  
  136  13:26  Drone  
  137  13:30  Brood Lord  
  137  13:31  Brood Lord  
  137  13:32  Brood Lord  
  137  13:33  Spine Crawler, Zerg Flyer Weapons Level 2  
  142  13:34  Extractor  
  142  13:37  Extractor  
  140  13:47  Brood Lord  
  142  13:54  Brood Lord  
  143  13:55  Drone  
  143  13:56  Drone x4  
  129  14:20  Brood Lord x2  
  129  14:21  Brood Lord  
  132  14:30  Hatchery  
  125  14:52  Zergling x6  
  118  14:53  Zergling x16  
  118  14:54  Zergling x6  
  99  15:14  Brood Lord x2  
  99  15:16  Zergling x8, Corruptor x5  
  99  15:17  Zergling x8  
  101  15:37  Corruptor x2  
  101  15:39  Drone  
  101  15:40  Drone x2  
  101  15:42  Queen  
  110  15:43  Extractor x2  
  103  15:53  Corruptor  
  103  15:54  Corruptor x2  
  93  16:08  Corruptor x2  
  93  16:10  Drone x2  
  94  16:18  Queen  
  94  16:21  Brood Lord  
  94  16:22  Drone  
  97  16:34  Brood Lord  
  97  16:37  Hatchery  
  97  16:38  Zergling x16, Overlord  
  97  16:39  Zergling x2, Overlord  
  107  16:40  Drone x2  
  109  16:51  Brood Lord x2  
  109  16:53  Drone  
  114  17:01  Spine Crawler  
  113  17:25  Hatchery, Corruptor x2  
  113  17:26  Corruptor x4  
  121  17:33  Viper  
  121  17:36  Zergling x2  
  125  17:40  Spore Crawler  
  125  17:41  Spore Crawler  
  123  17:52  Viper  
  123  17:53  Corruptor  
  117  18:30  Extractor  
  117  18:31  Drone x3  
  117  18:33  Extractor  
  118  18:38  Drone  
  118  18:39  Corruptor x2  
  118  18:41  Brood Lord x2  
  127  18:43  Zergling x10  
  127  18:44  Drone, Zergling x4  
  135  18:48  Queen  
  133  19:12  Brood Lord  
  125  19:31  Corruptor x4  
  111  19:41  Corruptor x2  
  111  19:43  Zergling x6  
  111  19:44  Zergling x4  
  107  19:46  Drone  
  100  19:57  Spore Crawler  
  100  19:59  Spore Crawler  
  94  20:02  Corruptor x2  
  94  20:03  Corruptor  
  100  20:08  Queen  
  100  20:09  Drone  
  100  20:10  Drone x3, Spore Crawler  
  100  20:14  Corruptor  
  102  20:20  Drone  
  102  20:21  Drone x2  
  94  20:41  Drone x2  
  94  20:42  Extractor  
  84  20:45  Spore Crawler  
  79  20:52  Brood Lord  
  79  20:54  Brood Lord x2  
  79  20:56  Brood Lord  
  87  20:57  Drone  
  77  21:29  Brood Lord x2  
Tags
 
Add a new tag
Caveats
  • Supply blocks, unpowered buildings, or Contaminate may cause inaccurate times.
  • Supply counts are checked every 10 seconds.